Map: [ESL] Royal Blood

Players

Milkicow

  • Race: Terran Terran
  • Spawn Location: 1:00

YoungYakov - Winner!

  • Race: Zerg Zerg
  • Spawn Location: 7:00

Event: ESL SC2 Masters 2023 Summer (Regionals)

VOD

Have the link to the VOD?

Description

Time

  • Played on: May 6, 2023, 11:37 a.m.
  • Length: 11:47

All games in this series

Show
View Real Time Build Order
Export as new Build Order

Milkicow Terran 

Build Orders: Hellion Opening, Reaper Expand 

Get SALT Encoding   

  12  0:00  SCV  
  13  0:12  SCV  
  14  0:17  Supply Depot  
  14  0:24  SCV  
  15  0:38  SCV  
  15  0:40  Barracks  
  15  0:42  Refinery  
  16  0:50  SCV  
  17  1:02  SCV  
  18  1:15  SCV  
  19  1:27  Orbital Command, Reaper  
  20  1:39  Command Center  
  20  1:47  Supply Depot  
  20  1:53  SCV  
  21  1:59  Marine  
  22  2:05  SCV  
  22  2:08  Factory  
  23  2:17  SCV, Refinery  
  23  2:21  Barracks Reactor  
  24  2:29  SCV  
  25  2:34  Engineering Bay  
  25  2:41  SCV  
  26  2:52  Orbital Command  
  26  2:53  SCV  
  27  2:59  Starport  
  27  3:05  SCV, Hellion x2  
  32  3:10  Supply Depot  
  32  3:13  Barracks Tech Lab  
  32  3:17  SCV  
  32  3:18  SCV  
  36  3:27  Hellion  
  36  3:29  SCV, Hellion  
  36  3:30  SCV  
  40  3:42  SCV x2  
  40  3:46  Marine, Raven  
  45  3:50  Hellion  
  45  3:51  Hellion  
  45  3:54  SCV x2  
  51  3:58  Supply Depot  
  51  4:06  SCV x2  
  51  4:09  Barracks Tech Lab  
  53  4:18  SCV  
  53  4:20  SCV  
  59  4:25  Command Center  
  59  4:30  Stimpack, SCV, Marine  
  57  4:32  SCV  
  57  4:34  Barracks, Starport Reactor  
  58  4:41  Siege Tank  
  58  4:42  SCV  
  58  4:44  Barracks  
  62  4:46  Supply Depot  
  62  4:54  SCV  
  62  5:04  Refinery x2, Engineering Bay  
  62  5:06  Engineering Bay  
  62  5:08  SCV x2, Marine  
  62  5:09  Supply Depot  
  65  5:19  Siege Tank  
  65  5:20  SCV x2  
  68  5:27  Starport Reactor  
  68  5:29  Marine x2  
  68  5:32  SCV x2  
  72  5:35  Barracks  
  72  5:36  Marine, Barracks  
  72  5:37  Orbital Command  
  72  5:39  Marine x2  
  75  5:44  SCV x2  
  75  5:47  Marine  
  78  5:50  Terran Infantry Armor Level 1, Terran Infantry Weapons Level 1  
  78  5:54  Siege Tank  
  78  5:55  Marine x2  
  78  5:56  SCV x2  
  85  6:01  Supply Depot  
  85  6:08  SCV x2, Marine  
  88  6:12  Orbital Command, Medivac x2  
  88  6:17  Marine  
  88  6:18  Supply Depot  
  93  6:20  Supply Depot  
  93  6:23  SCV x2  
  93  6:25  Barracks Reactor x2  
  95  6:32  Supply Depot, Combat Shield  
  95  6:35  SCV x2, Siege Tank  
  95  6:38  SCV  
  101  6:40  Armory  
  101  6:43  Supply Depot  
  102  6:47  SCV  
  102  6:49  SCV  
  102  6:52  Medivac  
  105  6:54  Supply Depot, Marine x2  
  105  6:58  Marine, Medivac  
  105  7:00  SCV  
  111  7:02  Supply Depot  
  111  7:05  SCV  
  111  7:08  SCV  
  113  7:12  Marine  
  113  7:13  Marine  
  113  7:14  Marine  
  114  7:18  SCV  
  114  7:20  Marine  
  114  7:21  Marine x5, Siege Tank  
  123  7:30  Marine  
  123  7:32  Marine  
  123  7:33  Marine  
  126  7:38  SCV, Marine x5  
  124  7:46  Marine  
  124  7:47  Marine  
  124  7:50  Marine x2  
  124  7:51  Terran Infantry Armor Level 2, Terran Infantry Weapons Level 2  
  109  7:52  Medivac  
  109  7:53  SCV x2  
  109  7:54  SCV  
  109  7:55  Refinery  
  109  7:56  Refinery, Supply Depot  
  114  7:58  Marine  
  114  7:59  Barracks, Marine  
  114  8:00  Barracks  
  114  8:02  Marine x3, Barracks  
  114  8:04  Marine  
  114  8:05  Marine  
  120  8:08  Marine  
  120  8:10  Marine  
  121  8:13  SCV  
  121  8:16  Marine x2  
  121  8:19  Marine  
  121  8:23  Marine  
  121  8:24  Marine x3, Siege Tank  
  121  8:25  Medivac x2  
  121  8:26  SCV, Marine  
  131  8:33  Command Center  
  131  8:35  Marine  
  131  8:37  Marine  
  131  8:38  Marine x2  
  135  8:45  Marine  
  136  8:50  Marine  
  136  8:54  Marine  
  136  8:55  Marine x2  
  121  8:58  Marine x4  
  121  8:59  Siege Tank, Medivac  
  121  9:00  Barracks Tech Lab x2, Medivac  
  121  9:01  Barracks Tech Lab  
  121  9:02  SCV  
  128  9:03  Marine  
  128  9:08  Marine  
  130  9:10  SCV  
  130  9:12  Marine  
  130  9:13  Marine x2  
  130  9:16  Marine x4  
  138  9:21  Marine  
  138  9:22  Concussive Shells  
  138  9:23  Marauder x2  
  138  9:24  SCV, Marauder  
  146  9:25  Marine  
  146  9:26  Supply Depot x2  
  146  9:31  Marine  
  148  9:33  Medivac x2  
  148  9:35  Marauder  
  154  9:40  Siege Tank  
  154  9:44  SCV, Marauder  
  154  9:45  Marine  
  154  9:46  Marauder  
  154  9:50  Marine, Marauder  
  154  9:52  Marine x2  
  148  9:53  Marine  
  148  9:54  SCV  
  148  9:56  SCV  
  148  9:58  SCV  
  152  10:01  Factory  
  152  10:07  Marine  
  152  10:08  Marauder  
  148  10:20  Marine, Marauder  
  114  10:21  Marine  
  114  10:25  SCV, Marine  
  114  10:27  Marine  
  118  10:28  SCV  
  118  10:31  Siege Tank  
  122  10:36  Planetary Fortress  
  122  10:39  SCV  
  122  10:41  SCV x2  
  122  10:42  Marine x2  
  125  10:43  Marine x4  
  125  10:49  Factory Tech Lab  
  131  10:54  Marine  
  131  10:56  Marine x5  
  137  10:58  SCV  
  137  11:00  Marine x2  
  137  11:03  Siege Tank  
  143  11:08  Marine  
  143  11:10  Marine  
  143  11:13  SCV x2  
  143  11:14  SCV  
  143  11:15  SCV  
  145  11:19  Marine  
  145  11:24  Marine x3  
  145  11:25  SCV x2, Command Center  
  147  11:28  Supply Depot  
  147  11:31  SCV  
  152  11:34  SCV  
Show
View Real Time Build Order
Export as new Build Order

YoungYakov Zerg - Winner!

Build Orders: Hatch First 

Get SALT Encoding   

  12  0:00  Drone  
  13  0:12  Overlord  
  13  0:16  Drone  
  14  0:30  Drone  
  14  0:31  Drone  
  16  0:47  Hatchery  
  15  0:50  Drone  
  15  0:54  Drone  
  17  0:57  Drone  
  18  1:08  Extractor  
  17  1:12  Spawning Pool  
  17  1:15  Drone  
  17  1:19  Drone  
  18  1:28  Drone  
  19  1:39  Drone  
  20  1:50  Drone  
  21  1:59  Queen x2  
  21  2:00  Zergling x4  
  27  2:09  Zergling x2  
  27  2:10  Overlord  
  28  2:21  Extractor  
  28  2:22  Drone  
  28  2:23  Overlord  
  29  2:33  Metabolic Boost, Drone x2  
  29  2:34  Extractor  
  30  2:37  Queen  
  30  2:40  Queen  
  35  2:44  Extractor  
  35  2:46  Drone  
  35  2:47  Drone  
  36  3:03  Hatchery  
  37  3:05  Drone x2  
  37  3:10  Drone x2  
  40  3:13  Drone x2  
  40  3:18  Overlord  
  42  3:20  Drone  
  42  3:23  Drone  
  44  3:27  Overlord  
  44  3:35  Queen  
  44  3:38  Drone  
  44  3:39  Drone  
  44  3:40  Drone x2  
  50  3:45  Queen  
  52  3:49  Drone x2  
  52  3:52  Zergling x2  
  52  3:53  Zergling x2  
  56  3:56  Drone x3  
  56  4:00  Drone  
  60  4:06  Overlord  
  60  4:13  Extractor  
  60  4:14  Overlord  
  60  4:15  Queen  
  61  4:18  Extractor  
  61  4:22  Drone x6  
  65  4:26  Zergling x6  
  65  4:30  Queen  
  71  4:35  Overlord x2  
  71  4:43  Evolution Chamber  
  71  4:44  Zergling x4, Evolution Chamber  
  69  4:55  Drone x4  
  69  4:57  Drone x6  
  77  5:04  Drone x3  
  77  5:05  Spore Crawler  
  77  5:06  Queen  
  81  5:08  Zerg Ground Armor Level 1  
  81  5:11  Zerg Melee Weapons Level 1  
  81  5:18  Drone x5  
  83  5:26  Lair  
  83  5:31  Extractor, Hatchery  
  83  5:32  Overlord  
  83  5:33  Extractor  
  83  5:35  Drone x3  
  83  5:45  Overlord  
  83  5:51  Hatchery  
  83  5:52  Queen  
  83  5:53  Overlord  
  83  5:54  Drone x5  
  89  6:02  Baneling Nest  
  88  6:05  Zergling x2  
  88  6:06  Zergling x14  
  94  6:15  Drone x4  
  95  6:25  Drone x6  
  101  6:28  Zergling x2  
  101  6:31  Drone x2  
  104  6:34  Zergling x2  
  104  6:35  Hatchery  
  104  6:40  Drone x2  
  104  6:42  Spore Crawler  
  104  6:43  Spore Crawler  
  104  6:45  Centrifugal Hooks  
  104  6:46  Baneling  
  104  6:47  Baneling x2  
  104  6:48  Zergling x8  
  104  6:49  Baneling x7  
  104  6:52  Zergling x8  
  112  6:54  Zergling x8  
  112  7:00  Zergling x8  
  120  7:04  Zergling x4  
  120  7:13  Zergling x8  
  116  7:17  Zergling x6  
  116  7:18  Zerg Ground Armor Level 2, Zerg Melee Weapons Level 2  
  116  7:22  Zergling x6, Queen  
  123  7:23  Zergling x4  
  125  7:30  Zergling x2  
  125  7:31  Overlord x4  
  116  7:46  Zergling x2  
  116  7:47  Zergling x16, Queen x2  
  116  7:48  Queen  
  124  7:51  Zergling x14  
  124  7:54  Baneling x2  
  124  7:55  Baneling x4  
  131  7:59  Drone x9  
  135  8:08  Zergling x8  
  135  8:12  Baneling x5  
  130  8:20  Zergling x22  
  130  8:23  Zergling x8  
  144  8:29  Hydralisk Den, Infestation Pit  
  142  8:35  Zergling x2  
  142  8:36  Zergling x10  
  142  8:39  Baneling x7  
  148  8:42  Zergling x16, Extractor  
  153  8:51  Zergling x10  
  144  8:57  Zergling x20  
  144  8:58  Baneling x4  
  144  9:01  Drone x3, Muscular Augments  
  144  9:02  Drone x3  
  159  9:04  Burrow  
  159  9:06  Zergling x2  
  159  9:07  Zergling x8  
  164  9:10  Baneling x5  
  164  9:13  Overlord x4  
  163  9:23  Hive  
  162  9:24  Queen  
  162  9:30  Overlord x3  
  164  9:36  Zergling x24  
  164  9:37  Zergling x14  
  179  9:42  Hydralisk x2  
  183  9:46  Zerg Missile Weapons Level 1  
  183  9:53  Hydralisk x3  
  183  9:54  Zergling x14  
  183  9:58  Extractor  
  194  10:08  Zergling x10  
  194  10:11  Hatchery  
  184  10:20  Zergling x30  
  172  10:25  Zergling x6  
  172  10:26  Zergling x10  
  178  10:33  Lurker Den  
  178  10:35  Extractor, Baneling x11  
  176  10:36  Extractor, Drone x3  
  176  10:37  Drone x3  
  176  10:38  Drone x2  
  176  10:42  Zergling x16  
  190  10:44  Baneling x2  
  190  10:45  Baneling x3  
  190  10:48  Zergling x6  
  192  10:55  Zergling x12  
  197  10:59  Baneling x5  
  194  11:04  Zergling x2  
  194  11:05  Zergling x8  
  199  11:13  Zergling x2  
  199  11:14  Zergling x4  
  198  11:25  Baneling x4  
  195  11:29  Zergling x12  
  199  11:38  Extractor  
  199  11:39  Extractor  
Tags
 
Add a new tag
Caveats
  • Supply blocks, unpowered buildings, or Contaminate may cause inaccurate times.
  • Supply counts are checked every 10 seconds.